 Dungeon Crawl Stone Soup version 0.17-a0-1767-gccbed74 (webtiles) character file.

98 gorblad the Sneak (level 4, -1/30 HPs)
             Began as an Octopode Assassin on Sept 7, 2015.
             Was a Follower of Dithmenos.
             Slain by a sky beast (6 damage)
             ... on level 3 of the Dungeon.
             The game lasted 00:08:45 (1893 turns).

gorblad the Sneak (Octopode Assassin)               Turns: 1893, Time: 00:08:45

Health: -1/30      AC:  1    Str: 10    XL:     4   Next: 71%
Magic:  4/4        EV:  4    Int: 13    God:    Dithmenos [*.....]
Gold:   69         SH:  7    Dex: 14    Spells: 0 memorised, 3 levels left

rFire  . . .     SeeInvis .     a - +2 dagger
rCold  . . .     Clarity  .     k - +0 shield
rNeg   . . .     SustAt   .     (helmet restricted)
rPois  .         Gourm    .     u - amulet of faith
rElec  .         Spirit   .     j - +3 ring of slaying
rCorr  .         Warding  .     m - ring of teleportation (curse)
rMut   .         Rnd*Tele +     (no ring)
MR     .....                    (no ring)
Stlth  +++++.....               (no ring)
                                (no ring)
                                (no ring)
                                (no ring)

@: wreathed by umbra, not resistant to hostile enchantments, quite stealthy
A: almost no armour, amphibious, 8 rings, constrict 8, camouflage 1, gelatinous
body 1
a: Renounce Religion, Evoke Teleportation


You were on level 3 of the Dungeon.
You worshipped Dithmenos.
Dithmenos was aware of your devotion.
You were not hungry.

You visited 1 branch of the dungeon, and saw 3 of its levels.

You collected 69 gold pieces.

Inventory:

Hand weapons
 a - a +2 dagger (weapon)
 b - a +0 blowgun
Missiles
 c - 8 poisoned needles
 d - 2 curare-tipped needles
Armour
 k - a +0 shield (worn)
Jewellery
 j - a +3 ring of slaying (left tentacle)
 m - a cursed ring of teleportation (right tentacle)
 r - an uncursed amulet of the gourmand
 u - an amulet of faith (around mantle)
Magical devices
 o - a wand of polymorph (10)
Scrolls
 f - 8 scrolls of fear {unknown}
 h - 5 scrolls of identify {unknown}
 l - 2 scrolls of teleportation {unknown}
 p - a scroll of blinking {unknown}
 s - a scroll of immolation {unknown}
 t - 2 scrolls of remove curse {unknown}
Potions
 n - a potion of lignification {unknown}
 q - 2 potions of resistance {unknown}
Comestibles
 e - 2 bread rations
 g - 4 fruits
 i - 2 meat rations


   Skills:
 + Level 2.4 Fighting
 + Level 2.4 Short Blades
 + Level 2.2 Throwing
 + Level 1.6 Dodging
 + Level 6.6 Stealth
 * Level 1.6 Shields


You had 3 spell levels left.
You didn't know any spells.

Dungeon Overview and Level Annotations

Branches:
Dungeon (3/15)

Altars:
Dithmenos
Nemelex Xobeh


Innate Abilities, Weirdness & Mutations

You cannot wear most types of armour.
You are amphibious.
You can wear up to eight rings at the same time.
You can use your tentacles to constrict eight enemies at once.
Your skin changes colour to match your surroundings (Stealth).
Your rubbery body absorbs attacks (AC +1).


Message History

u - an amulet of faith (around mantle)
A sky beast comes into view.
You hit the sky beast. You squeeze the sky beast.
The sky beast is moderately wounded.
The sky beast hits you. The sky beast shocks you.
You hit the sky beast.
The sky beast is moderately wounded.
The sky beast hits you. The sky beast shocks you.
* * * LOW HITPOINT WARNING * * *
There is a stone staircase leading down here.
The sky beast hits you.
* * * LOW HITPOINT WARNING * * *
The sky beast shocks you.
You die...

#...####...##.#
#.#............
#####...####...##.#
#(..)..## ######.#
#.###### #.. #.#
### #.# ##
#.################.
#.@...(..(.....#...
#)Y..###(......#.#(
#.....##.(.......##
##....##..((....###
#..#.##...()...##.
#.##.##........##.
#.(............###
####.#####.###.###
#.# #.# #....


You could see a sky beast.

Vanquished Creatures
  Robin (D:2)
  3 adders
  An ooze (D:1)
  4 giant geckos
  3 bats (D:1)
  2 giant cockroaches
  15 goblins
  5 hobgoblins
  6 giant newts
  8 kobolds
  8 rats
56 creatures vanquished.

Notes
Turn   | Place    | Note
--------------------------------------------------------------
     0 | D:1      | gorblad the Octopode Assassin began the quest for the Orb.
     0 | D:1      | Reached XP level 1. HP: 14/14 MP: 1/1
    85 | D:1      | Reached XP level 2. HP: 13/19 MP: 2/2
   178 | D:1      | Reached skill level 6 in Stealth
   682 | D:2      | Reached XP level 3. HP: 24/24 MP: 3/3
   722 | D:2      | Found a shadowy altar of Dithmenos.
   731 | D:2      | Became a worshipper of Dithmenos the Shadowed
  1003 | D:2      | Noticed Robin
  1022 | D:2      | Reached XP level 4. HP: 12/30 MP: 4/4
  1026 | D:2      | Reached skill level 1 in Shields
  1266 | D:2      | Killed Robin
  1791 | D:3      | Found a sparkling altar of Nemelex Xobeh.
  1878 | D:3      | Noticed a sky beast
  1893 | D:3      | Slain by a sky beast

Vault maps used:
D:1:      noname_arrival_rooms_in_the_neighbourhood
D:2:      lemuel_round_altar, uniq_robin
D:3:      lemuel_round_altar, first_bread, corexii_item_surrounded_by_moat

Action                   |  1- 3 |  4- 6 || total
-------------------------+-------+-------++-------
Melee: Dagger            |    64 |    36 ||   100
  Use: Potion            |     1 |       ||     1
 Stab: Sleeping          |    10 |     4 ||    14
       Distracted        |     1 |       ||     1
  Eat: Chunk             |       |     3 ||     3
       Bread ration      |       |     1 ||     1
